 Dungeon Crawl Stone Soup version 0.31-a0-1008-g5b978dac0e (webtiles) character file.

Game seed: 2731977371639560900

292 Jinxxian the Chiller (level 6, -1/44 HPs)
             Began as a Merfolk Ice Elementalist on Nov 12, 2023.
             Slain by a shadow (19 damage)
             ... on level 4 of the Dungeon.
             The game lasted 00:33:15 (3637 turns).

Jinxxian the Chiller (Merfolk Ice Elementalist)     Turns: 3637, Time: 00:33:16

Health: -1/44      AC:  7    Str:  8    XL:     6   Next: 33%
Magic:  10/10      EV: 13    Int: 17    God:
Gold:   109        SH:  0    Dex: 14    Spells: 7/11 levels left

rFire   . . .        i - +0 spear
rCold   . . .        (no shield)
rNeg    . . .        a - +0 robe
rPois   .            h - +0 hat
rElec   .            (no cloak)
rCorr   .            (no gloves)
SInv    .            u - +0 pair of boots
Will    .....        (no amulet)
Stlth   ++           m - +4 ring of protection
HPRegen 0.27/turn    (no ring)
MPRegen 0.12/turn

%: no passive effects
@: no status effects
A: (nimble swimmer 2), mertail
a: no special abilities


You were on level 4 of the Dungeon.
You visited 1 branch of the dungeon, and saw 5 of its levels.
You also visited: Ossuary.

You collected 109 gold pieces.

Inventory:

Hand Weapons
 i - a +0 spear (weapon)
 w - a +0 trident
Missiles
 j - 12 stones
 p - 5 poisoned darts
Armour
 a - a +0 robe (worn)
 h - a +0 hat (worn)
 n - a +0 robe
 u - a +0 pair of boots (worn)
Jewellery
 m - a +4 ring of protection (left hand)
Wands
 C - a wand of acid (10)
Scrolls
 e - a scroll of fear {unknown}
 g - a scroll of noise {unknown}
 k - a scroll of enchant weapon {unknown}
 l - a scroll of teleportation
 o - 2 scrolls of blinking {unknown}
 q - a scroll of brand weapon {unknown}
 r - a scroll of revelation {unknown}
 s - 3 scrolls of identify {unknown}
 x - a scroll of vulnerability {unknown}
 y - a scroll of fog {unknown}
Potions
 b - a potion of magic
 c - a potion of berserk rage
 d - a potion of cancellation {unknown}
 f - 2 potions of curing {unknown}
 t - 2 potions of haste
 v - a potion of lignification {unknown}
 z - a potion of ambrosia {unknown}
 A - a potion of heal wounds {unknown}
 B - a potion of mutation {unknown}


   Skills:
 + Level 1.7 Fighting
 + Level 1.8 Polearms
 + Level 1.2 Throwing
 + Level 1.0 Armour
 * Level 4.3 Dodging
 + Level 3.1 Stealth
 * Level 3.2 Spellcasting
 * Level 5.3 Ice Magic


You had 7 spell levels left.
You knew the following spells:

 Your Spells              Type           Power      Damage    Failure   Level
a - Freeze                Ice            80%        1d9       1%          1
b - Ozocubu's Armour      Ice            20%        N/A       6%          3

Your spell library contained the following spells:

 Spells                   Type           Power      Damage    Failure   Level
 Frozen Ramparts          Ice            40%        1d7       6%          3
 Summon Ice Beast         Ice/Summ       11%        N/A       50%         4
 Manifold Assault         Tloc           2%         N/A       86%         4
 Dispersal                Tloc           1%         N/A       100%        6
 Disjunction              Tloc           1%         N/A       100%        8


Dungeon Overview and Level Annotations

Branches:
Dungeon (5/15)            Ossuary (visited)
 Temple: D:4-7

Altars:


Innate Abilities, Weirdness & Mutations

((You are very nimble when in or above water. (Stealth+, EV+, Speed+++)))
Your lower body shifts to a powerful aquatic tail in water.


Message History

The adder is heavily wounded.
The adder bites you but does no damage.
You barely miss the adder.
The adder is heavily wounded.
The adder bites you but does no damage.
Aiming: Freeze (safe; 1% risk of failure)
Press: ? - help, Q - select action, (/) - cycle Shift-Dir - straight line, f - adder
Aim: an adder (heavily wounded)
You freeze the adder!
You kill the adder!
You start waiting.
A shadow is nearby!
There is a stone staircase leading up here.
The shadow slips into darkness.
The shadow flickers and vanishes!
Deactivating autopickup; reactivate with Ctrl-A.
The shadow strikes at you from the darkness!
Reactivating autopickup.
Aiming: Freeze (safe; 1% risk of failure)
Press: ? - help, Q - select action, (/) - cycle Shift-Dir - straight line, f - shadow
Aim: a shadow You freeze the shadow but do no damage.
The shadow completely resists.
The shadow hits you!
You barely miss the shadow. The shadow closely misses you.
There is a stone staircase leading up here.
The shadow hits you.
You climb upwards.
Found 7 gold pieces.
There is a stone staircase leading down here.
You hit the shadow but do no damage. The shadow barely misses you.
You hit the shadow but do no damage. The shadow hits you.
You closely miss the shadow. The shadow closely misses you.
You hit the shadow but do no damage. The shadow hits you.
You hit the shadow but do no damage.
The shadow slips into darkness.
The shadow flickers and vanishes!
Deactivating autopickup; reactivate with Ctrl-A.
You closely miss something.
The shadow strikes at you from the darkness!
You die...

# # #.
..#..
#....#
......###
#.$..#
#.@# ##{#
#.# #.#
#.# #.#
#.# #.#


There were no monsters in sight!

Vanquished Creatures
  A centaur (D:5)
  A scorpion (D:5)
  A hound (D:5)
  A mummy (Ossuary)
  3 adders
  A worm (D:3)
  A dart slug (D:2)
  An orc (D:3)
  A spectral bat (Ossuary)
  4 bats (D:2)
  4 endoplasms
  2 giant cockroaches (D:2)
  12 gnoll zombies (Ossuary)
  6 goblins
  4 hobgoblins
  3 jackals (D:2)
  A kobold (D:2)
  4 quokkas (D:2)
  A ball python (D:2)
  4 bat simulacra (Ossuary)
  A frilled lizard (D:1)
  A goblin simulacrum (Ossuary)
  4 goblin zombies (Ossuary)
  4 hobgoblin zombies (Ossuary)
  2 kobold simulacra (Ossuary)
  4 kobold zombies (Ossuary)
  6 orc zombies (Ossuary)
  6 rats
  2 rat simulacra (Ossuary)
  A spectral goblin (Ossuary)
  6 spectral rats (Ossuary)
93 creatures vanquished.

Notes
Turn   | Place    | Note
-------+----------+-------------------------------------------
     0 | D:1      | Jinxxian the Merfolk Ice Elementalist began the quest for
                  | the Orb.
     0 | D:1      | Reached XP level 1. HP: 13/13 MP: 3/3
   257 | D:1      | Reached XP level 2. HP: 19/19 MP: 3/5
   602 | D:2      | Reached skill level 1 in Fighting
   602 | D:2      | Reached XP level 3. HP: 26/26 MP: 0/6
   791 | D:2      | Found a faded altar of an unknown god.
  1870 | D:2      | Reached XP level 4. HP: 32/32 MP: 2/7
  2315 | D:3      | You fall into a shaft and drop 2 floors!
  2315 | D:5      | Entered Level 5 of the Dungeon
  2329 | D:5      | Noticed a phantom
  2359 | D:5      | Noticed a black bear
  2378 | D:5      | Noticed a centaur
  2391 | D:5      | Noticed a scorpion
  2391 | D:5      | Noticed a scorpion
  2391 | D:5      | Noticed a shadow
  2392 | D:5      | Noticed a centaur
  2398 | D:5      | Noticed a scorpion
  2408 | D:5      | Found a sand-covered staircase.
  2414 | Ossuary  | Entered an ossuary
  3065 | Ossuary  | Reached skill level 1 in Polearms
  3175 | Ossuary  | Reached XP level 5. HP: 37/37 MP: 9/9
  3323 | D:5      | Reached skill level 5 in Ice Magic
  3326 | D:5      | Killed a centaur
  3327 | D:5      | Reached skill level 1 in Throwing
  3327 | D:5      | Reached skill level 1 in Armour
  3327 | D:5      | Reached XP level 6. HP: 13/43 MP: 10/10
  3507 | D:5      | Learned a level 3 spell: Ozocubu's Armour
  3637 | D:4      | Slain by a shadow

Illustrated notes

Levels and vault maps discovered:
D:1:      minmay_arrival_statue_studded, layout_rooms, minmay_hedge_maze,
          chequers_serial_rivers_micro_c, minmay_pentomino_v2
D:2:      layout_basic, hellmonk_ecumenical_altar_lost_god
D:3:      layout_loops_cross, cheibrodos_sewer_entry_sluice,
          kennysheep_pointless_box
D:4:      layout_basic, serial_shops, nicolae_shop_advertising_works
          [nicolae_subvault_shop_adworks], grunt_decor_mini_mirrors,
          roderic_filled_cross, kennysheep_small_circle
D:5:      layout_basic, minmay_temple_entry_nine_rooms,
          lightli_ossuary_entry_decrepit_ruins, minmay_divided_ellipse,
          uniq_crazy_yiuf_cottage

Skill      XL: |  1  2  3  4  5 |
---------------+----------------+-----
Fighting       | 1 |  1.7
Dodging        | 3 4 |  4.3
Polearms       | 1 |  1.8
Spellcasting   | 3 |  3.2
Ice Magic      | 5 |  5.3
Throwing       | 1 |  1.2
Armour         | 1 |  1.0
Stealth        | 3 |  3.1

Action                     |  1- 3 |  4- 6 || total
---------------------------+-------+-------++-------
  Melee: Spear             |     4 |   310 ||   314
         Punch             |       |     4 ||     4
  Throw: Stone             |     1 |       ||     1
   Cast: Freeze            |    53 |    39 ||    92
    Use: Potion            |       |     3 ||     3
         Scroll            |       |     1 ||     1
   Stab: Sleeping          |       |     9 ||     9
         Distracted        |       |     1 ||     1
 Armour: Robe              |    17 |   169 ||   186
  Dodge: Dodged            |    17 |   203 ||   220

Table legend: (Time is in decaauts)
 A = Elapsed time spent in this place.
 B = Non-inter-level travel time spent in this place.
 C = Inter-level travel time spent in this place.
 D = Time resting spent in this place.
 E = Time spent auto-exploring this place.
 F = Levels seen in this place.
 G = Mean time per level.
                   A        B        C        D        E       F      G
               +--------+--------+--------+--------+--------+-----+--------+
         Total |   3654 |   3573 |     81 |    845 |   1118 |   6 |  609.0 |
       Dungeon |   2732 |   2651 |     81 |    673 |   1095 |   5 |  546.4 |
       Ossuary |    922 |    922 |      0 |    172 |     23 |   1 |  922.0 |
               +--------+--------+--------+--------+--------+-----+--------+

Top non-repeatable levels by time:
     D:2: 1487 daAuts
 Ossuary: 922 daAuts
     D:1: 574 daAuts
     D:5: 414 daAuts
     D:3: 249 daAuts
     D:4: 6 daAuts
